% Time on Ice - SACRAMENTO BANDITS
Lines # - Real PCT - Wanted PCT - Time Play
Normal Forward
1 - 34% - 36% - 15:06
2 - 27% - 28% - 11:59
3 - 26% - 26% - 11:20
4 - 13% - 10% - 5:43
Normal Defense
1 - 35% - 36% - 15:39
2 - 33% - 31% - 14:47
3 - 27% - 23% - 11:53
4 - 4% - 10% - 1:49
PP Forward
1 - 56% - 55% - 5:32
2 - 44% - 45% - 4:23
PP Defense
1 - 56% - 55% - 5:32
2 - 44% - 45% - 4:23
PK Forward
1 - 56% - 55% - 3:21
2 - 44% - 45% - 2:36
PK Defense
1 - 34% - 55% - 2:01
2 - 66% - 45% - 3:56
PK3 Forward
1 - 0% - 55%
2 - 0% - 45%
PK3 Defense
1 - 0% - 55%
2 - 0% - 45%
44 Forward
1 - 0% - 55%
2 - 0% - 45%
44 Defense
1 - 0% - 55%
2 - 0% - 45%
Last Minute Offensive  - 0:00
Last Minute Defensive  - 0:00
Total
Forward - 60:00
Defense - 60:00
% Time on Ice - SPOKANE KNIGHTS
Lines # - Real PCT - Wanted PCT - Time Play
Normal Forward
1 - 32% - 30% - 13:55
2 - 34% - 30% - 14:54
3 - 27% - 30% - 11:59
4 - 8% - 10% - 3:20
Normal Defense
1 - 36% - 35% - 16:05
2 - 37% - 35% - 16:13
3 - 14% - 15% - 6:14
4 - 13% - 15% - 5:36
PP Forward
1 - 51% - 60% - 3:03
2 - 49% - 40% - 2:54
PP Defense
1 - 55% - 60% - 3:17
2 - 45% - 40% - 2:40
PK Forward
1 - 52% - 50% - 5:07
2 - 48% - 50% - 4:48
PK Defense
1 - 53% - 60% - 5:15
2 - 47% - 40% - 4:40
PK3 Forward
1 - 0% - 60%
2 - 0% - 40%
PK3 Defense
1 - 0% - 60%
2 - 0% - 40%
44 Forward
1 - 0% - 50%
2 - 0% - 50%
44 Defense
1 - 0% - 60%
2 - 0% - 40%
Last Minute Offensive  - 0:00
Last Minute Defensive  - 0:00
Total
Forward - 60:00
Defense - 60:00
Play-by-Play 1st period 0:01 of 1st period - Aleksander Barkov wins face-off versus Patrice Bergeron in neutral zone. 0:10 of 1st period - Jonathan Huberdeau is hit by Matthew Tkachuk and loses puck. 0:45 of 1st period - Icing by Jonathan Huberdeau. 0:46 of 1st period - Aleksander Barkov wins face-off versus Valeri Nichushkin in SACRAMENTO BANDITS zone. 0:51 of 1st period - Shot by Jonathan Huberdeau. 0:51 of 1st period - Shot Misses the Net. 1:01 of 1st period - Shot by Patrick Kane. 1:01 of 1st period - Stopped by Andrei Vasilevskiy without a rebound. 1:02 of 1st period - Lars Eller wins face-off versus Nick Foligno in SACRAMENTO BANDITS zone. 1:06 of 1st period - Lars Eller is hit by Tyler Pitlick and loses puck. 1:11 of 1st period - Minor Penalty to Andrew Agozzino for Holding Stick. 1:12 of 1st period - Lars Eller wins face-off versus Patrice Bergeron in SPOKANE KNIGHTS zone. 2:39 of 1st period - Off-side. 2:40 of 1st period - Patrice Bergeron wins face-off versus Aleksander Barkov in neutral zone. 3:05 of 1st period - Shot by John Carlson. 3:05 of 1st period - Stopped by Mike Smith without a rebound. 3:06 of 1st period - Lars Eller wins face-off versus Tyler Pitlick in SPOKANE KNIGHTS zone. 3:16 of 1st period - Icing by Cale Makar. 3:17 of 1st period - David Backes wins face-off versus Colton Sissons in SPOKANE KNIGHTS zone. 3:32 of 1st period - Shot by Tyler Pitlick. 3:32 of 1st period - Shot Misses the Net. 3:47 of 1st period - Tyler Pitlick is hit by Joel Edmundson and loses puck. 3:54 of 1st period - Shot by Tyler Pitlick. 3:54 of 1st period - Stopped by Andrei Vasilevskiy without a rebound. 3:55 of 1st period - Lars Eller wins face-off versus Sebastian Aho in SACRAMENTO BANDITS zone. 4:57 of 1st period - Icing by Mario Ferraro. 4:58 of 1st period - Sebastian Aho wins face-off versus Colton Sissons in SPOKANE KNIGHTS zone. 4:58 of 1st period - Sebastian Aho is hit by Patrik Laine. 5:14 of 1st period - Off-side. 5:15 of 1st period - Nick Foligno wins face-off versus Aleksander Barkov in neutral zone. 5:48 of 1st period - Shot by Jonathan Huberdeau. 5:48 of 1st period - Shot Misses the Net. 6:21 of 1st period - Icing by Jamie Oleksiak. 6:22 of 1st period - Colton Sissons wins face-off versus Nick Foligno in SPOKANE KNIGHTS zone. 6:48 of 1st period - Patrik Laine is hit by Cale Makar and loses puck. 6:57 of 1st period - Ben Harpur is hit by Matthew Tkachuk and loses puck. 7:18 of 1st period - Shot by Bryan Rust. 7:18 of 1st period - Deflect By Patrice Bergeron. 7:18 of 1st period - Stopped by Andrei Vasilevskiy without a rebound. 7:19 of 1st period - Sebastian Aho wins face-off versus Kyle Turris in SACRAMENTO BANDITS zone. 7:50 of 1st period - Valeri Nichushkin is hit by Tom Wilson and loses puck. 9:19 of 1st period - Icing by Cale Makar. 9:20 of 1st period - Patrice Bergeron wins face-off versus Aleksander Barkov in SPOKANE KNIGHTS zone. 9:34 of 1st period - Bryan Rust is hit by Alexander DeBrincat and loses puck. 9:54 of 1st period - Shot by Alexander DeBrincat. 9:54 of 1st period - Shot Misses the Net. 9:56 of 1st period - Shot by Aleksander Barkov. 9:56 of 1st period - Stopped by Mike Smith with a rebound. 10:30 of 1st period - Shot by Tyler Pitlick. 10:30 of 1st period - Goal by Tyler Pitlick - SACRAMENTO BANDITS : 0 - SPOKANE KNIGHTS : 1. 10:31 of 1st period - Lars Eller wins face-off versus Sebastian Aho in neutral zone. 10:46 of 1st period - Shot by Patrick Kane. 10:46 of 1st period - Stopped by Andrei Vasilevskiy without a rebound. 10:47 of 1st period - Colton Sissons wins face-off versus Nick Foligno in SACRAMENTO BANDITS zone. 11:21 of 1st period - Icing by Radko Gudas. 11:22 of 1st period - Andrew Agozzino wins face-off versus Aleksander Barkov in SPOKANE KNIGHTS zone. 11:33 of 1st period - Shot by Andrew Agozzino. 11:33 of 1st period - Stopped by Andrei Vasilevskiy with a rebound. 11:48 of 1st period - Off-side. 11:49 of 1st period - Jamie Benn wins face-off versus Sebastian Aho in neutral zone. 12:56 of 1st period - Carter Verhaeghe is hit by Matthew Tkachuk. 13:19 of 1st period - Bryan Rust is hit by Joel Edmundson and loses puck. 13:26 of 1st period - Shot by Bryan Rust. 13:26 of 1st period - Shot Misses the Net. 13:28 of 1st period - Shot by Bryan Rust. 13:28 of 1st period - Shot Misses the Net. 13:30 of 1st period - Shot by Bryan Rust. 13:30 of 1st period - Stopped by Andrei Vasilevskiy without a rebound. 13:31 of 1st period - Brock Boeser wins face-off versus Nick Foligno in SACRAMENTO BANDITS zone. 13:37 of 1st period - Andrew Agozzino is hit by Niko Mikkola. 13:39 of 1st period - Shot by Tyler Pitlick. 13:39 of 1st period - Stopped by Andrei Vasilevskiy with a rebound. 14:00 of 1st period - Colton Sissons is hit by Radko Gudas. 14:34 of 1st period - Jonathan Huberdeau is hit by Sebastian Aho and loses puck. 15:40 of 1st period - Bryan Rust is hit by Mattias Ekholm. 15:48 of 1st period - Shot by Matthew Tkachuk. 15:48 of 1st period - Shot Misses the Net. 15:50 of 1st period - Shot by Matthew Tkachuk. 15:50 of 1st period - Deflect By Bryan Rust. 15:50 of 1st period - Stopped by Andrei Vasilevskiy with a rebound. 15:57 of 1st period - Shot by Patrice Bergeron. 15:57 of 1st period - Deflect By Matthew Tkachuk. 15:57 of 1st period - Shot Misses the Net. 17:23 of 1st period - Shot by Valeri Nichushkin. 17:23 of 1st period - Shot Misses the Net. 18:02 of 1st period - Minor Penalty to John Carlson for Goalie Interference. 18:03 of 1st period - Patrice Bergeron wins face-off versus Aleksander Barkov in SACRAMENTO BANDITS zone. 19:04 of 1st period - Shot by Sebastian Aho. 19:04 of 1st period - Stopped by Andrei Vasilevskiy without a rebound. 19:05 of 1st period - Aleksander Barkov wins face-off versus Sebastian Aho in SACRAMENTO BANDITS zone. 19:14 of 1st period - Shot by Jonathan Huberdeau. 19:14 of 1st period - Deflect By Aleksander Barkov. 19:14 of 1st period - Stopped by Mike Smith with a rebound. 19:30 of 1st period - Shot by Bryan Rust. 19:30 of 1st period - Stopped by Andrei Vasilevskiy without a rebound. 19:31 of 1st period - Patrice Bergeron wins face-off versus Aleksander Barkov in SACRAMENTO BANDITS zone. 19:38 of 1st period - Shot by Cale Makar. 19:38 of 1st period - Stopped by Andrei Vasilevskiy without a rebound. 19:39 of 1st period - Aleksander Barkov wins face-off versus Patrice Bergeron in SACRAMENTO BANDITS zone. Goals for this period are 0 for SACRAMENTO BANDITS vs 1 for SPOKANE KNIGHTS. Shots for this period are 3 for SACRAMENTO BANDITS vs 12 for SPOKANE KNIGHTS. 2nd period 0:01 of 2nd period - Sebastian Aho wins face-off versus Aleksander Barkov in neutral zone. 0:11 of 2nd period - Shot by Tyler Pitlick. 0:11 of 2nd period - Shot Misses the Net. 0:25 of 2nd period - Shot by Andrew Agozzino. 0:25 of 2nd period - Stopped by Andrei Vasilevskiy without a rebound. 0:26 of 2nd period - Aleksander Barkov wins face-off versus Patrice Bergeron in SACRAMENTO BANDITS zone. 0:30 of 2nd period - Off-side. 0:31 of 2nd period - Sebastian Aho wins face-off versus Aleksander Barkov in neutral zone. 0:36 of 2nd period - Icing by Aleksander Barkov. 0:37 of 2nd period - Aleksander Barkov wins face-off versus Nick Foligno in SACRAMENTO BANDITS zone. 0:54 of 2nd period - Shot by Alexander DeBrincat. 0:54 of 2nd period - Shot Misses the Net. 0:56 of 2nd period - Shot by Aleksander Barkov. 0:56 of 2nd period - Shot Misses the Net. 1:09 of 2nd period - Shot by Jonathan Huberdeau. 1:09 of 2nd period - Stopped by Mike Smith without a rebound. 1:10 of 2nd period - Patrice Bergeron wins face-off versus Colton Sissons in SPOKANE KNIGHTS zone. 1:10 of 2nd period - Patrice Bergeron is hit by Colton Sissons. 1:16 of 2nd period - Joel Edmundson is hit by Patrice Bergeron